General information
- name: BNet
- type: Ladder team game (AT/RT)
- host: Battle.net
- saver: Decadence
map: GolemsInTheMist
- players: 8
- length: 44:08
- speed: Fast
- version: 1.26 W3XP
- replay type: Public
» download(257 KB)
Players
team 1 (loser)
Bob123 (
yellow | 38 APM | 629 actions | 16:28)
1 Paladin
1 Holy Light
» actions
| Assign group hotkey | 3 | |
| Build / train | 39 | |
| Enter build submenu | 17 | |
| Enter hero's abilities submenu | 2 | |
| Remove unit from queue | 1 | |
| Right click | 257 | |
| Select / deselect | 259 | |
| Select group hotkey | 16 | |
| Use ability | 35 | |
629 total
» units
» upgrades
| Masonry | 3 | |
| Lumber Harvesting | 2 | |
| Swords | 3 | |
| Plating | 2 | |
| Animal War Training | 1 | |
11 total
» buildings
| Altar of Kings | 1 | |
| Farm | 8 | |
| Lumber Mill | 1 | |
| Scout Tower | 3 | |
| Barracks | 2 | |
| Keep | 3 | |
| Arcane Tower | 2 | |
| Guard Tower | 2 | |
| Blacksmith | 1 | |
| Arcane Vault | 1 | |
| Castle | 1 | |
| Arcane Sanctum | 1 | |
26 total
» build order
00:05 Altar of Kings
00:06 Farm
01:28 Lumber Mill
01:47 Farm
02:14 Farm
02:40 Scout Tower
02:46 Barracks
02:58 Keep
02:58 Keep
03:17 Barracks
03:19 Arcane Tower
03:20 Arcane Tower
03:29 Scout Tower
03:59 Guard Tower
04:23 Blacksmith
05:07 Arcane Vault
05:11 Scout Tower
05:21 Castle
05:40 Guard Tower
08:28 Farm
08:52 Farm
08:57 Farm
08:58 Farm
08:59 Farm
12:42 Arcane Sanctum
» items
| Scroll of Town Portal | 1 | |
| Orb of Fire | 1 | |
2 total
Decadence (
blue | 90 APM | 3988 actions | 44:08)
8 Archmage
3 Blizzard
3 Brilliance Aura
1 Mass Teleport
1 Summon Water Elemental
» actions
| Assign group hotkey | 88 | |
| Basic commands | 159 | |
| Build / train | 272 | |
| ESC pressed | 24 | |
| Enter build submenu | 72 | |
| Enter hero's abilities submenu | 8 | |
| Give item / drop item | 6 | |
| Remove unit from queue | 3 | |
| Right click | 1608 | |
| Select / deselect | 514 | |
| Select group hotkey | 921 | |
| Use ability | 313 | |
3988 total
» units
| Peasant | 17 | |
| Footman | 4 | |
| Goblin Shredder | 6 | |
| Goblin Zeppelin | 9 | |
| Goblin Sapper | 16 | |
| Gryphon Rider | 5 | |
| Dragonhawk Rider | 5 | |
62 total
» upgrades
| Masonry | 3 | |
| Swords | 3 | |
| Armor | 3 | |
| Animal War Training | 1 | |
| Storm Hammers | 1 | |
| Magic Sentry | 1 | |
| Sorceress Training | 2 | |
| Cloud | 1 | |
| Flak Cannons | 1 | |
| Flying Machine Bombs | 1 | |
| Fragmentation Shards | 1 | |
| Flare | 1 | |
| Barrage | 1 | |
| Plating | 3 | |
| Gunpowder | 3 | |
| Priest Training | 2 | |
| Control Magic | 1 | |
| Backpack | 1 | |
| Defend | 1 | |
| Long Rifles | 1 | |
| Lumber Harvesting | 2 | |
34 total
» buildings
| Altar of Kings | 2 | |
| Barracks | 1 | |
| Farm | 6 | |
| Arcane Vault | 1 | |
| Lumber Mill | 1 | |
| Keep | 4 | |
| Blacksmith | 1 | |
| Scout Tower | 60 | |
| Guard Tower | 81 | |
| Town Hall | 4 | |
| Gryphon Aviary | 2 | |
| Castle | 3 | |
| Arcane Sanctum | 1 | |
| Workshop | 1 | |
| Cannon Tower | 3 | |
171 total
» build order
00:56 Altar of Kings
00:59 Barracks
01:00 Farm
01:08 Farm
01:19 Farm
01:56 Arcane Vault
02:17 Farm
02:35 Lumber Mill
03:04 Farm
04:06 Farm
04:13 Keep
04:13 Keep
04:24 Blacksmith
04:28 Scout Tower
05:07 Guard Tower
05:07 Guard Tower
05:07 Guard Tower
05:09 Scout Tower
05:39 Guard Tower
05:39 Guard Tower
08:06 Town Hall
08:40 Guard Tower
08:40 Guard Tower
09:37 Town Hall
09:39 Scout Tower
09:40 Scout Tower
09:41 Scout Tower
09:42 Scout Tower
09:57 Scout Tower
09:57 Scout Tower
09:58 Scout Tower
10:00 Scout Tower
11:18 Gryphon Aviary
11:19 Castle
11:19 Castle
11:21 Gryphon Aviary
12:35 Town Hall
12:39 Scout Tower
12:40 Scout Tower
12:41 Scout Tower
12:42 Scout Tower
12:48 Scout Tower
12:50 Scout Tower
12:51 Scout Tower
12:51 Scout Tower
12:53 Scout Tower
12:55 Scout Tower
12:56 Scout Tower
12:58 Scout Tower
12:59 Scout Tower
13:14 Guard Tower
13:14 Guard Tower
13:14 Guard Tower
13:34 Guard Tower
13:34 Guard Tower
13:35 Guard Tower
13:40 Guard Tower
13:40 Guard Tower
13:40 Guard Tower
14:05 Guard Tower
14:48 Guard Tower
14:48 Guard Tower
15:57 Arcane Sanctum
16:04 Scout Tower
16:08 Scout Tower
16:12 Scout Tower
16:13 Scout Tower
16:14 Scout Tower
16:15 Scout Tower
16:16 Scout Tower
16:17 Scout Tower
16:18 Scout Tower
16:36 Town Hall
16:40 Scout Tower
16:41 Scout Tower
16:41 Scout Tower
16:43 Scout Tower
16:45 Scout Tower
16:54 Scout Tower
16:58 Scout Tower
17:25 Scout Tower
17:28 Scout Tower
20:40 Altar of Kings
21:12 Scout Tower
21:13 Scout Tower
21:14 Scout Tower
21:15 Scout Tower
21:19 Scout Tower
21:58 Guard Tower
21:58 Guard Tower
21:58 Guard Tower
22:16 Guard Tower
22:16 Guard Tower
23:24 Scout Tower
23:24 Scout Tower
23:26 Scout Tower
23:27 Scout Tower
23:34 Scout Tower
23:35 Scout Tower
23:38 Scout Tower
23:40 Scout Tower
23:42 Scout Tower
23:44 Scout Tower
23:47 Scout Tower
23:49 Scout Tower
23:50 Guard Tower
23:51 Guard Tower
23:51 Guard Tower
23:51 Guard Tower
23:51 Guard Tower
23:52 Guard Tower
23:53 Guard Tower
23:53 Guard Tower
23:54 Guard Tower
23:54 Guard Tower
23:56 Scout Tower
23:57 Scout Tower
24:05 Guard Tower
24:05 Guard Tower
24:09 Guard Tower
24:09 Guard Tower
24:10 Guard Tower
24:10 Guard Tower
24:10 Guard Tower
24:12 Guard Tower
24:12 Guard Tower
24:13 Guard Tower
24:18 Guard Tower
24:19 Guard Tower
24:19 Guard Tower
24:19 Guard Tower
24:19 Guard Tower
24:22 Guard Tower
24:22 Guard Tower
24:22 Guard Tower
24:23 Guard Tower
25:21 Guard Tower
25:21 Guard Tower
25:21 Guard Tower
31:28 Workshop
31:49 Cannon Tower
31:49 Cannon Tower
» items
| Scroll of Regeneration | 8 | |
| Mechanical Critter | 3 | |
| Ivory Tower | 9 | |
| Scroll of Town Portal | 3 | |
| Potion of Healing | 5 | |
| Staff of Sanctuary | 1 | |
| Lesser Clarity Potion | 1 | |
| Orb of Fire | 1 | |
31 total

»
reficuL (
green | 51 APM | 2246 actions | 44:08)
4 Blood Mage
2 Flame Strike
2 Siphon Mana
» actions
| Assign group hotkey | 20 | |
| Basic commands | 13 | |
| Build / train | 106 | |
| ESC pressed | 3 | |
| Enter build submenu | 40 | |
| Enter hero's abilities submenu | 6 | |
| Give item / drop item | 2 | |
| Right click | 867 | |
| Select / deselect | 883 | |
| Select group hotkey | 193 | |
| Use ability | 108 | |
2246 total
» units
| Peasant | 24 | |
| Footman | 9 | |
| Mortar Team | 6 | |
| Sorceress | 4 | |
| Siege Engine | 4 | |
47 total
» upgrades
| Masonry | 2 | |
| Lumber Harvesting | 2 | |
| Gunpowder | 3 | |
| Sorceress Training | 2 | |
| Flare | 1 | |
| Fragmentation Shards | 1 | |
| Plating | 1 | |
12 total
» buildings
| Altar of Kings | 1 | |
| Farm | 11 | |
| Barracks | 1 | |
| Scout Tower | 16 | |
| Arcane Tower | 6 | |
| Arcane Vault | 1 | |
| Keep | 2 | |
| Lumber Mill | 1 | |
| Blacksmith | 1 | |
| Guard Tower | 8 | |
| Town Hall | 1 | |
| Workshop | 2 | |
| Arcane Sanctum | 1 | |
| Castle | 4 | |
56 total
» build order
00:18 Altar of Kings
00:20 Farm
00:38 Barracks
00:57 Farm
00:58 Farm
01:42 Farm
01:47 Farm
01:57 Scout Tower
02:29 Arcane Tower
02:34 Farm
02:43 Arcane Vault
03:12 Scout Tower
04:32 Keep
04:41 Farm
04:47 Lumber Mill
05:22 Farm
06:14 Blacksmith
06:19 Guard Tower
06:25 Scout Tower
06:27 Scout Tower
06:29 Scout Tower
06:32 Scout Tower
07:12 Guard Tower
07:24 Town Hall
07:40 Workshop
08:03 Workshop
08:38 Arcane Sanctum
09:45 Scout Tower
09:48 Scout Tower
09:49 Scout Tower
09:53 Castle
09:53 Castle
09:53 Castle
10:25 Guard Tower
10:26 Guard Tower
10:36 Farm
11:00 Scout Tower
11:03 Scout Tower
11:45 Guard Tower
11:45 Guard Tower
12:17 Scout Tower
12:18 Scout Tower
12:45 Arcane Tower
12:45 Arcane Tower
12:59 Farm
13:20 Scout Tower
13:23 Scout Tower
13:39 Farm
14:15 Guard Tower
14:15 Guard Tower
14:39 Scout Tower
» items
| Scroll of Regeneration | 3 | |
| Scroll of Town Portal | 2 | |
5 total

»
Tell-Da-Spartan (
purple | 16 APM | 691 actions | 44:08)
2 Archmage
1 Summon Water Elemental
1 Brilliance Aura
» actions
| Assign group hotkey | 19 | |
| Basic commands | 31 | |
| Build / train | 65 | |
| Enter build submenu | 17 | |
| Enter hero's abilities submenu | 2 | |
| Right click | 283 | |
| Select / deselect | 197 | |
| Select group hotkey | 37 | |
| Use ability | 37 | |
691 total
» units
| Peasant | 10 | |
| Footman | 4 | |
| Rifleman | 8 | |
| Priest | 5 | |
| Knight | 5 | |
| Siege Engine | 5 | |
| Sorceress | 1 | |
38 total
» upgrades
| Defend | 1 | |
| Masonry | 3 | |
| Plating | 2 | |
| Swords | 2 | |
| Gunpowder | 2 | |
| Armor | 2 | |
| Long Rifles | 1 | |
| Lumber Harvesting | 1 | |
| Magic Sentry | 1 | |
| Priest Training | 2 | |
| Barrage | 1 | |
18 total
» buildings
| Farm | 8 | |
| Altar of Kings | 1 | |
| Barracks | 1 | |
| Lumber Mill | 1 | |
| Scout Tower | 4 | |
| Blacksmith | 1 | |
| Guard Tower | 3 | |
| Keep | 1 | |
| Arcane Tower | 1 | |
| Castle | 1 | |
| Arcane Sanctum | 1 | |
| Workshop | 1 | |
24 total
» build order
00:29 Farm
00:37 Altar of Kings
00:58 Barracks
01:02 Farm
01:04 Farm
01:42 Lumber Mill
01:49 Scout Tower
01:57 Farm
02:45 Blacksmith
03:27 Guard Tower
04:10 Farm
04:57 Farm
05:27 Scout Tower
05:42 Keep
05:54 Farm
06:01 Arcane Tower
06:18 Scout Tower
06:40 Farm
06:55 Guard Tower
08:12 Castle
09:51 Scout Tower
10:14 Arcane Sanctum
10:27 Guard Tower
11:13 Workshop
team 2 (winner)
Playerpink (
pink | 32 APM | 1425 actions | 44:08)
4 Blademaster
2 Wind Walk
2 Critical Strike
3 Shadow Hunter
2 Healing Wave
1 Serpent Ward
2 Tauren Chieftain
1 Endurance Aura
1 Shockwave
» actions
| Assign group hotkey | 10 | |
| Basic commands | 20 | |
| Build / train | 63 | |
| Enter build submenu | 22 | |
| Enter hero's abilities submenu | 9 | |
| Remove unit from queue | 3 | |
| Right click | 720 | |
| Select / deselect | 513 | |
| Use ability | 64 | |
1425 total
» units
| Peon | 10 | |
| Grunt | 3 | |
| Goblin Shredder | 1 | |
| Shaman | 5 | |
| Tauren | 7 | |
| Troll Witch Doctor | 2 | |
| Demolisher | 3 | |
31 total
» upgrades
| Melee Weapons | 3 | |
| Shaman Training | 2 | |
| Pulverize | 1 | |
| Armor | 2 | |
| Witch Doctor Training | 2 | |
| War Drums Damage Increase | 1 | |
| Burning Oil | 1 | |
12 total
» buildings
| Altar of Storms | 2 | |
| Orc Burrow | 8 | |
| Barracks | 1 | |
| War Mill | 2 | |
| Voodoo Lounge | 1 | |
| Stronghold | 1 | |
| Fortress | 1 | |
| Spirit Lodge | 1 | |
| Great Hall | 1 | |
| Watch Tower | 1 | |
| Tauren Totem | 2 | |
| Beastiary | 1 | |
22 total
» build order
00:31 Altar of Storms
00:40 Orc Burrow
01:12 Barracks
01:42 War Mill
02:02 Orc Burrow
02:09 Voodoo Lounge
02:50 Orc Burrow
04:25 Stronghold
06:58 Fortress
07:01 Altar of Storms
07:04 Spirit Lodge
08:04 Great Hall
08:50 Watch Tower
09:20 Orc Burrow
10:10 Tauren Totem
10:16 Tauren Totem
12:03 Orc Burrow
14:35 Beastiary
15:58 War Mill
16:14 Orc Burrow
16:43 Orc Burrow
22:28 Orc Burrow
» items
| Healing Salve | 1 | |
| Scroll of Speed | 1 | |
| Scroll of Town Portal | 1 | |
| Orb of Lightning | 1 | |
| Potion of Healing | 1 | |
5 total
MassHeroes (
teal | 56 APM | 2481 actions | 44:08)
5 Archmage
3 Blizzard
2 Brilliance Aura
4 Paladin
2 Holy Light
1 Divine Shield
1 Devotion Aura
3 Mountain King
2 Storm Bolt
1 Bash
» actions
| Assign group hotkey | 3 | |
| Basic commands | 142 | |
| Build / train | 59 | |
| Enter build submenu | 32 | |
| Enter hero's abilities submenu | 13 | |
| Give item / drop item | 4 | |
| Remove unit from queue | 1 | |
| Right click | 1394 | |
| Select / deselect | 450 | |
| Select group hotkey | 236 | |
| Use ability | 145 | |
2481 total
» units
» upgrades
» buildings
| Altar of Kings | 4 | |
| Farm | 8 | |
| Lumber Mill | 1 | |
| Arcane Vault | 2 | |
| Scout Tower | 28 | |
| Arcane Tower | 1 | |
| Keep | 2 | |
| Guard Tower | 12 | |
| Castle | 1 | |
| Town Hall | 2 | |
61 total
» build order
00:12 Altar of Kings
00:34 Farm
01:13 Farm
01:35 Lumber Mill
01:44 Arcane Vault
01:47 Scout Tower
02:16 Arcane Tower
02:38 Scout Tower
02:39 Scout Tower
02:42 Scout Tower
03:18 Keep
03:18 Keep
03:24 Farm
03:30 Guard Tower
03:48 Guard Tower
03:53 Scout Tower
03:54 Scout Tower
03:55 Scout Tower
04:08 Guard Tower
04:44 Guard Tower
05:10 Scout Tower
05:12 Guard Tower
05:46 Castle
05:50 Guard Tower
06:09 Farm
20:40 Town Hall
23:13 Town Hall
23:41 Scout Tower
23:43 Scout Tower
23:44 Scout Tower
23:46 Scout Tower
23:50 Scout Tower
24:09 Guard Tower
24:13 Guard Tower
24:16 Scout Tower
24:16 Scout Tower
24:17 Scout Tower
24:17 Scout Tower
24:19 Scout Tower
24:19 Scout Tower
24:21 Guard Tower
24:49 Guard Tower
24:53 Scout Tower
24:53 Scout Tower
24:54 Scout Tower
24:54 Scout Tower
24:55 Scout Tower
24:57 Scout Tower
24:59 Scout Tower
24:59 Scout Tower
24:59 Scout Tower
26:28 Guard Tower
26:42 Guard Tower
30:41 Altar of Kings
31:13 Altar of Kings
31:17 Farm
31:19 Farm
32:03 Arcane Vault
33:36 Farm
33:38 Farm
34:25 Altar of Kings
» items
| Scroll of Regeneration | 1 | |
| Scroll of Town Portal | 3 | |
| Orb of Fire | 1 | |
| Potion of Healing | 4 | |
| Potion of Mana | 2 | |
11 total
bad-2-thebone (
orange | 55 APM | 2422 actions | 44:04)
5 Blood Mage
3 Flame Strike
2 Banish
» actions
| Assign group hotkey | 26 | |
| Basic commands | 169 | |
| Build / train | 87 | |
| Enter build submenu | 27 | |
| Enter hero's abilities submenu | 6 | |
| Give item / drop item | 1 | |
| Right click | 947 | |
| Select / deselect | 328 | |
| Select group hotkey | 706 | |
| Use ability | 125 | |
2422 total
» units
| Peasant | 16 | |
| Footman | 3 | |
| Goblin Shredder | 2 | |
| Gryphon Rider | 9 | |
| Goblin Sapper | 10 | |
| Goblin Zeppelin | 5 | |
45 total
» upgrades
| Masonry | 3 | |
| Swords | 2 | |
| Armor | 2 | |
| Storm Hammers | 1 | |
| Animal War Training | 1 | |
| Sorceress Training | 2 | |
| Barrage | 1 | |
12 total
» buildings
| Altar of Kings | 1 | |
| Barracks | 1 | |
| Farm | 10 | |
| Scout Tower | 25 | |
| Arcane Vault | 1 | |
| Arcane Tower | 1 | |
| Town Hall | 4 | |
| Lumber Mill | 1 | |
| Keep | 2 | |
| Guard Tower | 9 | |
| Blacksmith | 1 | |
| Castle | 1 | |
| Gryphon Aviary | 4 | |
| Arcane Sanctum | 1 | |
| Workshop | 1 | |
63 total
» build order
00:10 Altar of Kings
00:20 Barracks
00:35 Farm
00:51 Farm
01:33 Farm
01:52 Scout Tower
02:18 Arcane Vault
02:34 Arcane Tower
02:41 Farm
03:35 Town Hall
03:37 Scout Tower
03:38 Scout Tower
03:41 Scout Tower
03:44 Scout Tower
04:53 Lumber Mill
05:17 Keep
05:42 Farm
05:45 Guard Tower
06:05 Scout Tower
06:06 Scout Tower
06:06 Scout Tower
06:08 Scout Tower
06:08 Scout Tower
06:08 Scout Tower
06:18 Guard Tower
06:21 Scout Tower
06:22 Scout Tower
06:49 Guard Tower
06:54 Blacksmith
06:59 Guard Tower
07:07 Guard Tower
07:27 Farm
07:28 Farm
07:29 Farm
07:30 Farm
07:30 Farm
07:43 Castle
08:28 Gryphon Aviary
08:28 Gryphon Aviary
08:29 Gryphon Aviary
10:16 Scout Tower
10:17 Scout Tower
10:17 Scout Tower
10:18 Scout Tower
10:19 Scout Tower
10:19 Scout Tower
10:53 Arcane Sanctum
10:56 Guard Tower
11:37 Guard Tower
11:43 Workshop
12:23 Gryphon Aviary
12:34 Scout Tower
12:35 Scout Tower
13:07 Guard Tower
15:37 Town Hall
15:40 Scout Tower
15:40 Scout Tower
15:41 Scout Tower
15:43 Scout Tower
16:13 Guard Tower
18:03 Keep
21:05 Town Hall
23:38 Town Hall
» items
| Scroll of Regeneration | 5 | |
| Lesser Clarity Potion | 3 | |
| Scroll of Town Portal | 2 | |
10 total
Oryx (
red | 19 APM | 560 actions | 29:29)
4 Crypt Lord
1 Carrion Beetles
2 Spiked Carapace
1 Impale
» actions
| Assign group hotkey | 7 | |
| Basic commands | 1 | |
| Build / train | 49 | |
| Enter build submenu | 17 | |
| Enter hero's abilities submenu | 4 | |
| Right click | 256 | |
| Select / deselect | 171 | |
| Select group hotkey | 26 | |
| Use ability | 29 | |
560 total
» units
| Acolyte | 2 | |
| Ghoul | 3 | |
| Crypt Fiend | 8 | |
| Obsidian Statue | 4 | |
| Frost Wyrm | 11 | |
28 total
» upgrades
| Creature Attack | 3 | |
| Creature Carapace | 1 | |
| Web | 1 | |
| Freezing Breath | 1 | |
6 total
» buildings
| Altar of Darkness | 1 | |
| Ziggurat | 13 | |
| Crypt | 1 | |
| Graveyard | 1 | |
| Nerubian Tower | 1 | |
| Spirit Tower | 5 | |
| Tomb of Relics | 1 | |
| Halls of the Dead | 1 | |
| Black Citadel | 1 | |
| Slaughterhouse | 1 | |
| Sacrificial Pit | 1 | |
| Boneyard | 2 | |
29 total
» build order
00:22 Altar of Darkness
00:30 Ziggurat
00:35 Crypt
00:44 Graveyard
01:09 Ziggurat
01:10 Ziggurat
01:25 Nerubian Tower
02:11 Ziggurat
02:14 Ziggurat
02:31 Ziggurat
03:20 Spirit Tower
04:21 Tomb of Relics
05:01 Halls of the Dead
06:04 Ziggurat
06:07 Ziggurat
07:24 Black Citadel
07:33 Slaughterhouse
07:38 Sacrificial Pit
09:07 Ziggurat
09:09 Ziggurat
09:14 Ziggurat
10:22 Boneyard
10:26 Boneyard
11:24 Spirit Tower
11:26 Spirit Tower
11:32 Spirit Tower
11:34 Spirit Tower
12:56 Ziggurat
12:57 Ziggurat
» items
| Scroll of Town Portal | 1 | |
| Orb of Corruption | 1 | |
2 total
Chat log
(00:08 / Allies) reficuL: nice
(00:10 / Allies) reficuL: 4x human
(00:41 / Allies) Decadence: I got this
(00:50 / Allies) Decadence: I'm fast expoing
(04:33 / Allies) Bob123: pink teching
(07:31 / Allies) Bob123: i almost have knights, want to attack in 2 min?
(08:16 / Allies) reficuL: purp looks noob
(08:26 / Allies) reficuL: we dont have shit
(08:32 / Allies) reficuL: attacking would be a bad idea
(08:38 / Allies) Bob123: 2 more min?
(08:45 / Allies) Bob123: i have my first 2 knights
(08:53 / Allies) reficuL: yeah blue nd purp dont have any units
(08:58 / Allies) Decadence: I'm taking an expo
(09:38 / Allies) reficuL: amke towers
(09:43 / Allies) reficuL: or we're dead
(10:23 / Allies) reficuL: dont yello
(10:26 / Allies) Bob123: i wont
(10:41 / All) Decadence: WYRMBOT
(10:43 / All) Decadence: WE HAVE A WYRMBOT
(10:45 / All) Decadence: WYRMBOT RED
(10:46 / All) Decadence: WYRMBOT
(10:48 / All) Decadence: IT'S A WYRMBOT
(11:01 / All) Decadence: LOL
(11:04 / All) Decadence: TP FOR THAT
(11:13 / All) Decadence: WYRMBOT DOESN'T WANT TO LOSE HIS WYRMS
(12:25 / All) Decadence: Not 1 unit lost except the zeppelin
(12:33 / All) Decadence: Good work BUDDY WYRMBOT
(12:56 / Allies) Bob123: purp-le please tp to me
(13:36 / Allies) reficuL: dont lose ur peasnats
(14:09 / Allies) Bob123: purple isnt tping to me...
(14:12 / Allies) reficuL: purple
(14:16 / Allies) Decadence: Doubt he knows what a tp is
(14:32 / Allies) Tell-Da-Spartan: i know what a mine hog is blue
(14:48 / Allies) Tell-Da-Spartan: you got 3 fjucking mines cunt
(14:51 / Allies) Decadence: 2
(14:56 / Allies) Decadence: 1 is my spawn mine
(15:08 / Allies) reficuL: ill go nuke a base
(15:37 / All) Bob123: gg
(17:04 / All) Decadence: tk purple
(17:36 / All) Decadence: Purple is tking trash
(17:43 / All) MassHeroes: ya she is
(19:26 / All) Decadence: Ty teal for helping me out
(19:30 / All) MassHeroes: ill help ya buddy
(20:17 / All) Decadence: I'll return the favour
(21:14 / All) reficuL: purples gonna win this for us
(21:36 / All) Decadence: YES MILITIA LOL
(22:21 / Allies) reficuL: blue u got this my guy
(22:24 / Allies) reficuL: u could actually win
(22:26 / Allies) reficuL: if u stopped being a retard
(22:34 / Allies) Decadence: I had to deal with the tker first
(22:37 / Allies) reficuL: lol
(22:49 / Allies) reficuL: hit their bases
(23:30 / Allies) reficuL: i wanna watch how this unfolds
(23:56 / All) reficuL: ¨someone tlel me how he managed to win 37 games
(24:03 / All) MassHeroes: lolol
(24:04 / All) Playerpink: who?
(24:05 / All) Oryx: #carried
(24:07 / All) reficuL: Purp
(24:18 / All) Playerpink: oh
(24:22 / All) Playerpink: didnt know he was playing
(24:33 / All) MassHeroes: she tried to tk blue
(24:38 / All) Playerpink: :(
(24:44 / All) Playerpink: shes sweetheart
(24:56 / All) Playerpink: ^^ gg
(25:06 / All) Playerpink: why tk blue?
(25:06 / All) Decadence: Yeah gg
(25:08 / All) Decadence: Leave
(25:15 / All) Decadence: I was going onto my 4th base
(25:17 / All) reficuL: because he's a faggot
(25:17 / All) Decadence: He didn't like it
(25:36 / Allies) reficuL: go blue go
(25:41 / Allies) reficuL: ill watch you until you die
(25:51 / Allies) reficuL: or win
(25:52 / All) Decadence: LEAVE LOL
(25:55 / All) reficuL: lol at orange
(25:58 / All) reficuL: Killing his own units
(26:06 / All) reficuL: ORANGE TK!!!
(26:08 / All) reficuL: ORANGE TK!!!!
(26:26 / All) Playerpink: really oj
(26:28 / All) Playerpink: lol
(26:31 / All) MassHeroes: lolol
(26:32 / All) reficuL: ORANGE AND BLUE ARE U GUYS GAY LOVERS LMFAO?
(26:39 / All) Playerpink: rofl
(26:41 / All) Decadence: Told you all to leave
(26:44 / All) Playerpink: well im going to go eat
(26:48 / All) Playerpink: afk
(27:12 / All) reficuL: blue will win
(27:17 / All) Decadence: yes I will
(27:27 / All) Decadence: I win no matter what
(27:28 / Allies) reficuL: i took care of the undead but he's probably rebuilt at one of the expos
(27:36 / Allies) reficuL: u might wanna look into this
(27:37 / All) Decadence: From where you're kneeling it may look like an 18-karat turn of bad luck
(27:39 / All) Decadence: But the truth is
(27:43 / All) Decadence: The game was rigged from the start
(27:53 / All) reficuL: I bet purp didnt evne try to tk
(28:25 / All) MassHeroes: lolol
(28:38 / Allies) reficuL: what will be your next move?
(28:46 / Allies) Decadence: Watch and learn, buddy boy
(28:51 / Allies) reficuL: ok
(28:51 / All) Playerpink: pizza so good
(28:55 / All) Decadence: What type of pizza?
(28:58 / All) Decadence: A/S/L everyone?
(29:04 / All) Playerpink: peperoni
(29:14 / All) Playerpink: pepperoni cheese
(29:15 / All) MassHeroes: blue kinda deserved it i guess
(29:21 / All) MassHeroes: nub team
(29:46 / All) Playerpink: no oj will win it
(30:02 / All) reficuL: itll be oj vs blue
(30:06 / All) reficuL: if it isnt already
(30:14 / All) Playerpink: who watched the lastest walking dead?
(30:18 / All) bad-2-thebone: i did
(30:20 / All) Playerpink: green have you seen it
(30:21 / All) reficuL: i dont watch television
(30:26 / All) Playerpink: what you guys think
(30:33 / All) bad-2-thebone: i wonder if that asian will choose that ugly chick over maggie
(30:36 / All) Decadence: Most TV shows suck
(30:40 / All) Decadence: I don't really watch television either
(30:47 / All) Decadence: Books and movies are way better
(30:50 / All) Decadence: and some games
(30:51 / All) reficuL: yes
(30:53 / All) bad-2-thebone: i watch thousands of hours of tv
(30:55 / All) bad-2-thebone: a week
(31:07 / All) reficuL: Are you gay irl?
(31:13 / All) bad-2-thebone: ellen page is
(31:14 / All) bad-2-thebone: now
(31:16 / All) bad-2-thebone: officially
(31:19 / All) reficuL: I saw that
(31:22 / All) Decadence: As opposed to only being gay on the internet?
(31:27 / All) reficuL: didnt know who she was until she came out though
(32:01 / Allies) reficuL: u dont seem to know whut ur doin
(32:34 / All) bad-2-thebone: PINK
(32:40 / All) Playerpink: yes?
(32:48 / All) bad-2-thebone: do u agree that the first season of walking dead was the best
(32:57 / All) Playerpink: yea
(33:04 / All) Playerpink: but the comics were way better
(33:28 / All) bad-2-thebone: i havent read a book since like 5th grade
(33:35 / All) Playerpink: the 2nd was kind of slow too much emotions, not enough zombie killing
(33:42 / All) bad-2-thebone: tv always does it better
(33:46 / All) Decadence: How does it feel to have those buildings killed by cannon towers?
(33:47 / All) bad-2-thebone: yes i know
(34:00 / All) bad-2-thebone: rick is the most annoying character ever
(34:03 / All) bad-2-thebone: his dialogue is so bad
(34:09 / All) reficuL: has anyone ever seen cannon towers in pro games?
(34:12 / All) Playerpink: lol
(34:15 / All) reficuL: i dont think i have
(34:22 / All) Decadence: I think I may have against mass tanks or something
(34:28 / Allies) reficuL: A
(34:29 / All) Decadence: They have a very niche use against shit like that
(34:29 / All) reficuL: Ah
(34:38 / All) reficuL: fair enough
(34:40 / All) Decadence: I can't think of anything they're good against other than tanks
(34:53 / All) reficuL: Against dotts
(35:00 / All) Decadence: lawl
(35:10 / All) reficuL: orange u gonna be ok?
(35:42 / All) reficuL: ya orange's got this
(35:53 / All) bad-2-thebone: sort of lol
(36:04 / All) reficuL: blue
(36:06 / All) bad-2-thebone: me and blue are 5 min away from leaving the game
(36:08 / All) bad-2-thebone: so u guys decide who wins
(36:12 / All) reficuL: if i may recommand
(36:21 / All) reficuL: Make cannon towers all around orange's base
(36:24 / All) reficuL: and watch him die
(36:27 / All) bad-2-thebone: finish that hall teal
(36:30 / All) bad-2-thebone: if u would
(36:32 / All) bad-2-thebone: good sir
(37:21 / All) Playerpink: on roc you can cube much better
(37:34 / All) Decadence: RoC has better towers
(37:39 / All) Decadence: Its towers is the only thing better about it
(37:45 / All) Playerpink: yes
(37:47 / All) Decadence: Too bad they nerfed human towers in TFT
(37:59 / All) Decadence: RoC ladder now is all the people too noobish to adjust to TFT who prefer an inferior game
(38:09 / All) Decadence: when the map pool was changed RoC players were bitching on the forums they didn't get one
(38:29 / All) bad-2-thebone: anyone remember when this map used to have tavern in middle
(38:38 / All) Decadence: I don't know why it doesn't now
(38:42 / All) reficuL: it's hte first time i ever play this map
(38:52 / All) Decadence: They should have a tavern in the middle an goblin shops at the golems
(38:55 / All) bad-2-thebone: wut
(39:01 / All) Playerpink: i miss plains of snow
(39:08 / All) Decadence: Feralas was the shit
(39:33 / All) Playerpink: garden of war
(39:40 / All) Playerpink: old days
(39:54 / All) MassHeroes: LOL
(40:10 / All) Playerpink: teal lol
(40:16 / All) Playerpink: nice stay alive
(40:21 / All) MassHeroes: NOOOOOOO
(40:34 / All) Decadence: UNINTENTIONAL PEASANT BLOCK
(40:38 / All) bad-2-thebone: ok me and blue are about to leave the game
(40:39 / All) MassHeroes: =D
(40:43 / All) bad-2-thebone: best internet conection wins
(40:45 / All) Decadence: I forgot a farm
(40:46 / All) Decadence: wait
(41:24 / All) MassHeroes: aha no peasants
(41:27 / All) MassHeroes: or halls
(41:39 / All) MassHeroes: cept for my 1 hidden peasant
(41:45 / All) MassHeroes: map wont show him
(41:51 / All) MassHeroes: no visable to eye
(41:51 / All) Decadence: You have no hidden peasant I have maphack
(42:02 / All) Decadence: I see the unseen bro
(42:12 / All) Decadence: It isn't at bottom right
(42:16 / All) MassHeroes: LOL
(42:24 / All) bad-2-thebone: my allies get the zeps
(42:26 / All) bad-2-thebone: to control
(42:35 / Allies) Decadence: You will have a rabbit
(42:41 / All) bad-2-thebone: best internet connection wins gentlemen
(43:03 / All) Playerpink: ok back
(43:08 / All) MassHeroes: still didnt find my peasant?
(43:08 / All) Playerpink: whos winning
(43:16 / All) bad-2-thebone: both teams won
(43:24 / All) Decadence: EQUAL CHANCES BUDDY BOY
(43:28 / All) Decadence: EVERYONE HAS AN EQUAL CHANCE IN OUR WC#
(43:32 / All) Playerpink: oh nice
(43:37 / All) Decadence: GOOD LUCK EVERYONE
(43:38 / All) bad-2-thebone: lawl
(43:39 / All) MassHeroes: ty bro
(43:41 / All) bad-2-thebone: good night
(43:44 / All) Playerpink: good stuff guys
(43:44 / All) bad-2-thebone: we'll whsiper u tomorrow
(43:49 / All) Playerpink: good night
(43:58 / All) bad-2-thebone: make good use of the zepplins
(44:07 / All) Playerpink: lol been fun, i wanna see who will get this
(44:07 / All) Decadence: RABBIT FOR MY TEAM